Map: Thunderbird LE

Players

Woah - Winner!

  • Race: Terran Terran
  • League: Diamond
  • Spawn Location: 5:00

Saldek

  • Race: Protoss Protoss
  • League: Diamond
  • Spawn Location: 11:00

VOD

Have the link to the VOD?

Description

Time

  • Played on: June 14, 2019, 9:30 p.m.
  • Length: 8:46
Show
View Real Time Build Order
Export as new Build Order

Woah Terran - Winner!

Build Orders: Reaper Expand 

Get SALT Encoding   

  12  0:01  SCV  
  13  0:13  SCV  
  14  0:18  Supply Depot  
  14  0:25  SCV  
  15  0:40  SCV  
  15  0:41  Barracks  
  16  0:44  Refinery  
  16  0:52  SCV  
  17  1:04  SCV  
  18  1:16  SCV  
  19  1:30  Reaper, Orbital Command  
  20  1:46  Command Center  
  20  2:02  SCV  
  20  2:04  Barracks Reactor, Supply Depot  
  21  2:11  Refinery  
  21  2:14  SCV  
  22  2:24  Factory  
  22  2:26  SCV  
  23  2:38  SCV  
  24  2:45  Marine x2  
  24  2:50  SCV  
  27  2:56  Bunker  
  27  3:02  Orbital Command  
  27  3:05  Marine x2  
  27  3:08  Widow Mine  
  31  3:13  Starport  
  31  3:15  SCV  
  32  3:23  Marine  
  33  3:30  Widow Mine  
  33  3:31  SCV  
  33  3:32  SCV  
  37  3:35  Supply Depot  
  37  3:40  Marine  
  37  3:41  Marine  
  38  3:47  SCV  
  40  3:48  SCV  
  41  3:58  Factory Tech Lab, Medivac, Marine  
  41  3:59  SCV  
  45  4:03  Barracks  
  45  4:05  Marine  
  46  4:11  SCV  
  46  4:14  Barracks  
  46  4:16  SCV  
  48  4:26  Engineering Bay  
  49  4:38  SCV  
  49  4:40  Refinery  
  49  4:45  Marine x2  
  49  4:48  Raven  
  49  4:49  SCV  
  49  4:51  Barracks Tech Lab  
  54  4:55  Factory Tech Lab  
  54  4:57  Terran Infantry Weapons Level 1  
  54  5:01  Barracks Tech Lab  
  54  5:09  Supply Depot  
  54  5:12  Supply Depot  
  54  5:16  Refinery  
  54  5:22  Factory Reactor  
  54  5:31  SCV x2, Marine x2  
  55  5:40  Marine x2  
  55  5:41  Combat Shield  
  55  5:42  Stimpack  
  54  5:43  SCV x2  
  57  5:50  Liberator x2  
  57  5:55  SCV  
  57  6:00  SCV  
  58  6:06  Marauder  
  58  6:07  Marauder x2  
  58  6:10  Barracks  
  70  6:14  SCV x2, Supply Depot  
  70  6:26  SCV  
  70  6:29  Barracks x2  
  70  6:30  Marauder x3  
  77  6:33  SCV  
  77  6:38  SCV  
  79  6:48  SCV  
  79  6:51  Armory, Terran Infantry Armor Level 1  
  79  6:53  Marauder, Liberator, Marine  
  79  6:54  Marauder  
  85  6:55  Command Center  
  85  7:10  Medivac, Supply Depot  
  85  7:11  Marine  
  91  7:18  Marauder, Marine  
  91  7:20  Barracks Reactor  
  94  7:31  Marine  
  94  7:32  Marauder  
  97  7:39  Liberator  
  97  7:40  Liberator  
  101  8:11  Marauder, Marine x3  
  101  8:12  Marauder x2, Marine x2  
  105  8:13  SCV  
  105  8:15  Orbital Command  
Show
View Real Time Build Order
Export as new Build Order

Saldek Protoss 

Build Orders: 1 Gate Expand 

Get SALT Encoding   

  12  0:00  Probe  
  13  0:12  Probe  
  14  0:18  Pylon  
  14  0:25  Probe  
  15  0:36  Gateway  
  15  0:39  Probe  
  16  0:51  Probe  
  16  0:54  Assimilator  
  17  1:03  Probe  
  18  1:15  Probe  
  19  1:24  Nexus  
  19  1:34  Cybernetics Core, Probe  
  20  1:44  Probe  
  21  1:56  Probe, Pylon  
  21  1:58  Assimilator  
  21  2:05  Stalker  
  21  2:08  Probe  
  24  2:18  Warp Gate  
  24  2:22  Probe, Pylon  
  25  2:34  Probe  
  25  2:35  Stalker  
  28  2:46  Robotics Facility  
  28  2:48  Probe x2  
  30  3:00  Probe x2  
  27  3:05  Stalker  
  34  3:13  Probe x2  
  36  3:25  Probe x2  
  38  3:33  Gateway  
  38  3:36  Gateway  
  38  3:37  Probe x2  
  40  3:44  Assimilator  
  40  3:45  Assimilator  
  40  3:47  Probe  
  40  3:48  Observer  
  41  3:49  Probe  
  43  3:56  Probe  
  43  3:59  Forge  
  43  4:01  Probe  
  45  4:04  Probe  
  45  4:09  Immortal  
  50  4:11  Pylon  
  50  4:13  Probe  
  51  4:18  Probe  
  52  4:25  Probe  
  52  4:28  Twilight Council  
  52  4:30  Probe  
  54  4:34  Zealot x2, Protoss Ground Armor Level 1  
  54  4:37  Sentry, Probe  
  61  4:44  Probe  
  62  4:46  Pylon  
  62  4:50  Pylon  
  62  5:04  Probe  
  63  5:13  Zealot x2  
  67  5:14  Probe  
  67  5:17  Probe  
  69  5:27  Nexus, Blink  
  67  5:35  Probe x2  
  63  5:40  Stalker x3  
  69  5:47  Probe x2  
  71  5:52  Pylon  
  71  5:55  Pylon  
  71  5:59  Probe  
  71  6:00  Shield Battery  
  72  6:05  Shield Battery  
  72  6:14  Stalker x2  
  72  6:15  Stalker  
  78  6:22  Probe x2  
  80  6:28  Protoss Ground Armor Level 2  
  80  6:33  Forge  
  80  6:35  Probe x2  
  82  6:43  Gateway x2  
  82  6:45  Gateway  
  79  6:50  Observer  
  80  6:56  Templar Archives  
  80  6:57  Zealot  
  80  6:58  Zealot x2  
  86  7:07  Probe  
  86  7:08  Probe x2  
  88  7:11  Observer  
  90  7:21  Probe x3  
  93  7:23  Zealot x3  
  99  7:33  Probe x3  
  101  7:38  Pylon  
  101  7:40  Pylon  
  101  7:42  Stalker x2  
  101  7:43  Stalker x2  
  107  7:56  Zealot x2  
  93  8:10  Zealot x2  
  93  8:11  Zealot x2  
  79  8:19  Zealot x2  
  63  8:31  Zealot x2  
  63  8:32  Zealot x2  
Tags
 
Add a new tag
Caveats
  • Supply blocks, unpowered buildings, or Contaminate may cause inaccurate times.
  • Supply counts are checked every 10 seconds.